 Dungeon Crawl Stone Soup version 0.32-a0-768-g0f6f1dd4b9 (webtiles) character file.

Game seed: 13473339188331227082

3956 Alarak the Basher (level 10, 0/83 HPs)
             Began as a Mountain Dwarf Fighter on Mar 18, 2024.
             Slain by an eight-headed hydra (8 damage)
             ... on level 8 of the Dungeon.
             The game lasted 00:13:21 (6196 turns).

Alarak the Basher (Mountain Dwarf Fighter)          Turns: 6196, Time: 00:13:22

Health: 0/83       AC: 18    Str: 26    XL:     10   Next: 2%
Magic:  10/10      EV: 10    Int:  9    God:
Gold:   455        SH:  4    Dex:  9    Spells: 9/9 levels left

rFire   . . .        p - +11 morningstar of the Establishment {vamp, rC++ Str+3}
rCold   + + .        c - +0 buckler
rNeg    . . .        l - +0 plate armour
rPois   .            f - +1 helmet
rElec   .            (no cloak)
rCorr   .            u - +0 pair of gloves
SInv    .            (no boots)
Will    +....        r - amulet of regeneration Stlth
                     i - +5 ring of evasion
HPRegen 1.13/turn    t - +4 ring of protection
MPRegen 0.12/turn

%: no passive effects
@: no status effects
A: runic magic, artefact enchanting
a: no special abilities


You were on level 8 of the Dungeon.
You visited 1 branch of the dungeon, and saw 8 of its levels.

You collected 455 gold pieces.

Inventory:

Hand Weapons
 a - a +0 war axe
 e - a +0 battleaxe
 p - the +11 morningstar of the Establishment (weapon) {vamp, rC++ Str+3}
   (You found it on level 5 of the Dungeon)

   Str+3:     It affects your strength (+3).
   rC++:      It greatly protects you from cold.
Armour
 c - a +0 buckler (worn)
 f - a +1 helmet (worn)
 l - a +0 plate armour (worn)
 u - a +0 pair of gloves (worn)
Jewellery
 i - a +5 ring of evasion (left hand)
 o - a ring of protection from fire
 q - a ring of flight
 r - an amulet of regeneration (around neck)
 t - a +4 ring of protection (right hand)
 x - a ring of protection from fire
Wands
 b - a wand of charming (12)
 v - a wand of quicksilver (13)
Scrolls
 g - 2 scrolls of enchant weapon
 h - 4 scrolls of teleportation
 m - a scroll of fear
 s - a scroll of amnesia
Potions
 d - a potion of might
 j - 3 potions of curing
 k - a potion of enlightenment
 n - 3 potions of mutation
 z - a potion of haste
 A - a potion of heal wounds {unknown}


   Skills:
 - Level 6.0 Fighting
 - Level 8.3(12.2) Axes
 + Level 14.0(14.9) Maces & Flails
 - Level 3.2 Armour
 - Level 3.2 Shields


You had 9 spell levels left.
You didn't know any spells.
Your spell library contained the following spells:

 Spells                   Type           Power      Damage    Failure   Level
 Magic Dart               Conj           0%         1d3       67%         1
 Sandblast                Erth           0%         2d4       67%         1
 Cigotuvi's Dreadful Rot  Necr/Alch/Air  0%         N/A       82%         2
 Ensorcelled Hibernation  Hex/Ice        0%         N/A       82%         2
 Searing Ray              Conj           0%         2d4       82%         2
 Frozen Ramparts          Ice            0%         1d1       96%         3
 Fugue of the Fallen      Necr           0%         N/A       96%         3
 Ozocubu's Armour         Ice            0%         N/A       96%         3
 Stone Arrow              Conj/Erth      0%         3d7       96%         3
 Anguish                  Hex/Necr       0%         N/A       100%        4
 Animate Armour           Summ/Erth      0%         N/A       100%        4
 Brom's Barrelling Bould  Conj/Erth      0%         2d3       100%        4
 Fulminant Prism          Conj/Alch      0%         3d5       100%        4
 Ignite Poison            Fire/Alch      0%         N/A       100%        4
 Alistair's Intoxication  Alch           0%         N/A       100%        5
 Borgnjor's Vile Clutch   Necr/Erth      0%         N/A       100%        5
 Freezing Cloud           Conj/Ice/Air   0%         6-21      100%        5
 Metabolic Englaciation   Hex/Ice        0%         N/A       100%        5
 Eringya's Noxious Bog    Alch           0%         4d6       100%        6
 Lehudib's Crystal Spear  Conj/Erth      0%         10d2      100%        8


Dungeon Overview and Level Annotations

Branches:
Dungeon (8/15)             Temple (0/1) D:5
   Lair: D:8-11

Altars:
Ashenzari
Elyvilon
Nemelex Xobeh
Okawaru
Sif Muna

Shops:
D:7 **

Annotations:
D:7 3 runed translucent doors, tajemnic's ghost, novice DsSh


Innate Abilities, Weirdness & Mutations

Your spellcasting is much less encumbered by armour.
You can use scrolls of enchantment on lesser artefacts.


Message History

You puncture the efreet!
The efreet is moderately wounded.
You bludgeon the eight-headed hydra!!
The eight-headed hydra is moderately wounded.
You barely miss the eight-headed hydra.
The eight-headed hydra is moderately wounded.
The eight-headed hydra bites you but does no damage. x2
The eight-headed hydra barely misses you.
The eight-headed hydra bites you but does no damage. x3
The eight-headed hydra bites you!
The eight-headed hydra barely misses you.
You bludgeon the eight-headed hydra!!
You feel better.
The eight-headed hydra is almost dead.
You hear a howl!
The eight-headed hydra closely misses you.
The eight-headed hydra bites you. x2
The eight-headed hydra barely misses you.
The eight-headed hydra bites you. The eight-headed hydra bites you!
The eight-headed hydra bites you but does no damage.
The eight-headed hydra bites you!
You hear a shout!
You barely miss the eight-headed hydra.
The eight-headed hydra is almost dead.
The eight-headed hydra bites you but does no damage.
The eight-headed hydra bites you. x3
The eight-headed hydra barely misses you.
The eight-headed hydra bites you!
* * * LOW HITPOINT WARNING * * *
The eight-headed hydra bites you!
* * * LOW HITPOINT WARNING * * *
The eight-headed hydra bites you but does no damage.
You feel better. The eight-headed hydra misses you.
The eight-headed hydra bites you but does no damage.
The eight-headed hydra bites you!
* * * LOW HITPOINT WARNING * * *
The eight-headed hydra barely misses you.
The eight-headed hydra bites you.
* * * LOW HITPOINT WARNING * * *
The eight-headed hydra bites you!
You die...

♣..♣ ♣♣.♣♣ ♣..♣
#♣...♣# ♣..♣♣
#.....# ## ##
♣..♣♣♣.PPP.# ♣#)
○#♣ ♣.....P~P.#
♣.C
..♣♣♣..♣♣..PP.#
♣R#☼♣♣♣..♣♣#.)...#
♣D♣♣♣..♣♣ #♣...♣#
♣♣@...♣♣ ♣♣.♣♣
♣♣!.♣♣ ♣.♣ ♣♣♣♣
♣.♣ ♣.♣ ♣.♣ ...
♣♣♣


You could see an eight-headed hydra, a cyclops and an efreet.

Vanquished Creatures
  Pikel (D:4)
  Maurice (D:7)
  A cyclops (D:8)
  Joseph (D:8)
  A troll (D:8)
  A hornet (D:8)
  Eustachio (D:5)
  A wyvern (D:8)
  An acid dragon (D:8)
  An orc warrior (D:7)
  A water moccasin (D:7)
  2 ice beasts
  A sky beast (D:7)
  An ogre (D:4)
  A phantom (D:5)
  4 lemures
  A bullfrog (D:6)
  4 scorpions
  5 killer bees (D:8)
  2 hounds (D:6)
  2 jellies
  2 orc priests (D:7)
  2 orc wizards (D:7)
  An iguana (D:5)
  2 sleepcaps
  Robin (D:4)
  3 gnolls (D:5)
  8 adders
  A shadow imp (D:6)
  4 white imps
  3 ufetubi
  2 dart slugs
  11 orcs
  3 ball pythons
  4 endoplasms
  3 giant cockroaches
  12 goblins
  12 hobgoblins
  5 jackals
  3 kobolds
  9 quokkas
  3 bats
  4 rats
132 creatures vanquished.

Vanquished Creatures (others)
  An ufetubus (D:7)
1 creature vanquished.

Grand Total: 133 creatures vanquished

Notes
Turn   | Place    | Note
-------+----------+-------------------------------------------
     0 | D:1      | Alarak the Mountain Dwarf Fighter began the quest for the
                  | Orb.
     0 | D:1      | Reached XP level 1. HP: 19/19 MP: 1/1
   158 | D:1      | Reached XP level 2. HP: 27/27 MP: 2/2
   842 | D:2      | Reached XP level 3. HP: 34/34 MP: 3/3
   849 | D:2      | Reached skill level 5 in Fighting
   947 | D:2      | Reached XP level 4. HP: 25/42 MP: 4/4
  1533 | D:3      | Found a broken altar of Ashenzari.
  1578 | D:3      | Found a faded altar of an unknown god.
  1772 | D:3      | Found a shimmering blue altar of Sif Muna.
  2525 | D:4      | Noticed a lemure
  2527 | D:4      | Noticed a lemure
  2531 | D:4      | Noticed a lemure
  2532 | D:4      | Killed a lemure
  2552 | D:3      | Killed a lemure
  2635 | D:3      | Killed a lemure
  2806 | D:4      | Noticed Robin
  2845 | D:4      | Killed Robin
  2846 | D:4      | Reached XP level 5. HP: 36/50 MP: 5/5
  2974 | D:4      | Found a white marble altar of Elyvilon.
  3017 | D:4      | Found Hefocvyu's General Store.
  3323 | D:4      | Noticed an ogre
  3333 | D:4      | Killed an ogre
  3633 | D:4      | Noticed a lemure
  3635 | D:4      | Noticed Pikel
  3655 | D:4      | Killed a lemure
  3666 | D:4      | Killed Pikel
  3667 | D:4      | Reached XP level 6. HP: 23/57 MP: 6/6
  3667 | D:4      | Reached XP level 7. HP: 26/63 MP: 7/7
  3980 | D:5      | Entered Level 5 of the Dungeon
  4010 | D:5      | Identified the +11 morningstar of the Establishment {vamp,
                  | rC++ Str+3}
  4026 | D:5      | Reached skill level 1 in Maces & Flails
  4029 | D:5      | Reached skill level 2 in Maces & Flails
  4033 | D:5      | Reached skill level 3 in Maces & Flails
  4055 | D:5      | Found a staircase to the Ecumenical Temple.
  4086 | D:5      | Reached skill level 4 in Maces & Flails
  4381 | D:5      | Found an iron altar of Okawaru.
  4395 | D:5      | Noticed Eustachio
  4403 | D:5      | Killed Eustachio
  4404 | D:5      | Reached skill level 5 in Maces & Flails
  4404 | D:5      | Reached XP level 8. HP: 70/70 MP: 8/8
  4416 | D:5      | Found a sparkling altar of Nemelex Xobeh.
  4503 | D:5      | Reached skill level 6 in Maces & Flails
  4807 | D:6      | Reached skill level 7 in Maces & Flails
  5028 | D:6      | Reached skill level 8 in Maces & Flails
  5162 | D:7      | Found a runed translucent gate.
  5166 | D:7      | Found a runed translucent gate.
  5167 | D:7      | Found a runed translucent gate.
  5277 | D:7      | Reached skill level 9 in Maces & Flails
  5344 | D:7      | Noticed Maurice
  5368 | D:7      | Something stole a ring of protection from fire
  5369 | D:7      | Killed Maurice
  5370 | D:7      | Reached skill level 10 in Maces & Flails
  5370 | D:7      | Reached XP level 9. HP: 75/75 MP: 6/9
  5530 | D:7      | Reached skill level 11 in Maces & Flails
  5657 | D:7      | Found Oplucas's Specific Store.
  5666 | D:7      | Found Urij's General Store.
  5761 | D:7      | Noticed tajemnic's ghost (novice DsSh)
  6122 | D:8      | Reached skill level 12 in Maces & Flails
  6139 | D:8      | Noticed Joseph
  6151 | D:8      | Killed Joseph
  6155 | D:8      | Reached skill level 13 in Maces & Flails
  6179 | D:8      | Noticed an eight-headed hydra
  6179 | D:8      | Noticed a cyclops
  6179 | D:8      | Noticed a cyclops
  6179 | D:8      | Noticed a troll
  6183 | D:8      | Killed a troll
  6187 | D:8      | Noticed an efreet
  6189 | D:8      | Killed a cyclops
  6190 | D:8      | Reached skill level 14 in Maces & Flails
  6190 | D:8      | Reached XP level 10. HP: 60/83 MP: 10/10
  6196 | D:8      | Slain by an eight-headed hydra

Illustrated notes

Levels and vault maps discovered:
D:1:      dpeg_arrival_connections, layout_loops_ring, minmay_misc_feat_plants
D:2:      layout_basic, minmay_pentomino_t2
D:3:      layout_basic, mainiacjoe_overflow_alcove_1, lemuel_crystal_altar,
          chequers_ecumenical_altar_island, hangedman_decor_points
D:4:      layout_basic, elyvilon_altar_1, serial_shops, shop, uniq_pikel,
          uniq_robin
D:5:      layout_loops_cross, general_overflow_altar, kennysheep_mini_moat,
          minmay_temple_entry_purple_smoke, uniq_eustachio
D:6:      layout_rooms
D:7:      layout_cave_pods, ebering_ghost_rock_garden, nicolae_specific_store,
          uniq_maurice
D:8:      nzn_winding_woodlands_large [nzn_winding_woodlands_5x5_cross,
          nzn_winding_woodlands_5x15_cabin, nzn_winding_woodlands_5x5_open_star,
          nzn_winding_woodlands_center_lodge,
          nzn_winding_woodlands_15x15_thick_spiral,
          nzn_winding_woodlands_center_diamonds,
          nzn_winding_woodlands_5x5_three, nzn_winding_woodlands_5x15_garden,
          nzn_winding_woodlands_5x5_perimeter], layout_basic,
          amcnicky_altar_gilded, uniq_jeremiah, uniq_joseph

Skill      XL: |  1  2  3  4  5  6  7  8  9 |
---------------+----------------------------+-----
Fighting       | 4 5 6 |  6.0
Axes           | 3 8 |  8.3
Maces & Flails | 5 10 14 | 14.0
Armour         | |  3.2
Shields        | |  3.2

Action                     |  1- 3 |  4- 6 |  7- 9 | 10-12 || total
---------------------------+-------+-------+-------+-------++-------
  Melee: War axe           |    92 |   185 |     3 |       ||   280
         Morningstar       |       |       |   149 |     5 ||   154
    Use: Scroll            |       |     6 |     7 |       ||    13
         Potion            |       |       |       |     1 ||     1
   Stab: Distracted        |       |       |     1 |       ||     1
 Armour: Scale mail        |    71 |    28 |       |       ||    99
         Plate armour      |       |   104 |   151 |    23 ||   278
  Dodge: Dodged            |    61 |    95 |   106 |     7 ||   269
  Block: Buckler           |    25 |    29 |    30 |       ||    84

Table legend: (Time is in decaauts)
 A = Elapsed time spent in this place.
 B = Non-inter-level travel time spent in this place.
 C = Inter-level travel time spent in this place.
 D = Time resting spent in this place.
 E = Time spent auto-exploring this place.
 F = Levels seen in this place.
 G = Mean time per level.
                   A        B        C        D        E       F      G
               +--------+--------+--------+--------+--------+-----+--------+
         Total |   6313 |   5972 |    341 |    514 |   4413 |   8 |  789.1 |
       Dungeon |   6313 |   5972 |    341 |    514 |   4413 |   8 |  789.1 |
               +--------+--------+--------+--------+--------+-----+--------+

Top non-repeatable levels by time:
     D:4: 1348 daAuts
     D:3: 1271 daAuts
     D:7: 937 daAuts
     D:2: 764 daAuts
     D:1: 712 daAuts
     D:5: 650 daAuts
     D:6: 505 daAuts
     D:8: 123 daAuts
